 Dungeon Crawl Stone Soup version 0.30-a0-626-gd6a5dd7a1f (webtiles) character file.

Game seed: 1620732346167948890

54521 Twiddyhohoho the Skirmisher (level 15, -5/108 HPs)
             Began as a Formicid Hunter on Jan 11, 2023.
             Was a High Priest of Hepliaklqana.
             Engulfed by a cloud of freezing vapour (18 damage)
             ... on level 13 of the Dungeon.
             The game lasted 01:45:06 (17824 turns).

Twiddyhohoho the Skirmisher (Formicid Hunter)      Turns: 17824, Time: 01:45:07

Health: -5/108     AC: 19    Str: 20    XL:     15   Next: 14%
Magic:  18/24      EV: 17    Int:  7    God:    Hepliaklqana [*****.]
Gold:   283        SH: 10    Dex: 28    Spells: 11/14 levels left

rFire   + . .      SeeInvis +    v - +3 sling (freeze)
rCold   . . .      Faith    .    N - +2 buckler
rNeg    . . .      Spirit   .    P - +0 scale mail of Marbles {rPois Slay+3}
rPois   +          Reflect  .    (helmet unavailable)
rElec   .          Harm     .    f - +2 cloak {Will+}
rCorr   .          Rampage  .    g - +2 pair of gloves
Will    ++...                    z - +2 pair of boots
Stlth   +                        k - amulet of regeneration
HPRegen 1.18/turn                F - ring of protection from fire
MPRegen 0.19/turn                x - +6 ring of dexterity

@: no status effects
A: reduced essence, permanent stasis, dig shafts and tunnels, antennae 3, four
strong arms, dopey 1, strong 1, MP-powered wands
a: Dig, Shaft Self, Renounce Religion, Recall Ancestor, Ancestor Identity,
Transference, Idealise


You were on level 13 of the Dungeon.
You worshipped Hepliaklqana.
Hepliaklqana was extremely pleased with you.
You visited 3 branches of the dungeon, and saw 19 of its levels.

You collected 1361 gold pieces.
You spent 1078 gold pieces at shops.

Inventory:

Hand Weapons
 v - a +3 sling of freezing (weapon)
 W - a +1 shortbow of draining
Missiles
 U - 6 atropa-tipped darts
Armour
 a - the +0 chain mail of Limited Liability {*Slow rElec rF+ Slay+4}
   (You took it off an orc on level 12 of the Dungeon)

   Slay:      It affects your accuracy & damage with ranged weapons and melee
   (+4).
   rF:        It protects you from fire.
   rElec:     It insulates you from electricity.
   *Slow:     It may slow you when you take damage.
 f - a +2 cloak of willpower (worn)
 g - a +2 pair of gloves (worn)
 r - a +0 scale mail of cold resistance
 z - a +2 pair of boots (worn)
 G - a +1 leather armour of poison resistance
 N - a +2 buckler (worn)
 P - the +0 scale mail of Marbles (worn) {rPois Slay+3}
   (You bought it in a shop on level 1 of the Dungeon)

   Slay:      It affects your accuracy & damage with ranged weapons and melee
   (+3).
   rPois:     It protects you from poison.
 T - +0 ice dragon scales
Jewellery
 k - an amulet of regeneration (around neck)
 o - a ring of poison resistance
 w - a +4 ring of protection
 x - a +6 ring of dexterity (right hand)
 F - a ring of protection from fire (left hand)
 M - a ring of positive energy
 X - the ring "Ytwy" {rF- rCorr Str+7 Int+6}
   (You took it off an orc on level 12 of the Dungeon)

   [ring of intelligence]

   Str:       It affects your strength (+7).
   Int:       It affects your intelligence (+6).
   rF:        It makes you vulnerable to fire.
   rCorr:     It protects you from acid and corrosion.
Wands
 e - a wand of polymorph (6)
 m - a wand of flame (36)
 E - a wand of acid (13)
 I - a wand of paralysis (11)
 O - a wand of digging (9)
 Q - a wand of mindburst (7)
 S - a wand of iceblast (3)
Scrolls
 b - 4 scrolls of immolation
 c - a scroll of vulnerability
 j - a scroll of silence
 n - 4 scrolls of enchant armour
 p - a scroll of identify
 q - 2 scrolls of enchant weapon
 u - 3 scrolls of fear
 y - a scroll of fog
 C - 5 scrolls of magic mapping
 L - a scroll of brand weapon
 Z - 3 scrolls of poison
Potions
 d - 9 potions of flight
 h - a potion of mutation
 i - 5 potions of brilliance
 l - a potion of magic
 s - 4 potions of resistance
 t - 2 potions of might
 A - 8 potions of curing
 J - 2 potions of lignification
 R - a potion of invisibility
 V - a potion of heal wounds


   Skills:
 + Level 12.1 Fighting
 + Level 14.4 Ranged Weapons
 * Level 11.5 Armour
 + Level 8.1 Dodging
 - Level 1.2 Stealth
 + Level 7.3 Shields
 * Level 3.2 Translocations
 * Level 12.0 Invocations
 - Level 4.7 Evocations


You had 11 spell levels left.
You knew the following spells:

 Your Spells              Type           Power      Damage    Failure   Level
a - Portal Projectile     Hex/Tloc       4%         N/A       89%         3

Your spell library contained the following spells:

 Spells                   Type           Power      Damage    Failure   Level
 Apportation              Tloc           8%         N/A       34%         1
 Momentum Strike          Conj/Tloc      4%         3d8       69%         2
 Lesser Beckoning         Tloc           8%         N/A       71%         3
 Beastly Appendage        Tmut           0%         N/A       77%         1
 Freeze                   Ice            0%         1d3       77%         1
 Shock                    Conj/Air       0%         1d3       77%         1
 Slow                     Hex            0%         N/A       77%         1
 Sting                    Tmut/Pois      0%         1d3       77%         1
 Ensorcelled Hibernation  Hex/Ice        0%         N/A       88%         2
 Passwall                 Tmut/Erth      0%         N/A       88%         2
 Poisonous Vapours        Pois/Air       0%         N/A       88%         2
 Sublimation of Blood     Necr           0%         N/A       88%         2
 Wereblood                Tmut           0%         N/A       88%         2
 Vhi's Electric Charge    Tloc/Air       4%         N/A       89%         3
 Frozen Ramparts          Ice            0%         1d1       98%         3
 Hailstorm                Conj/Ice       0%         3d3       98%         3
 Spider Form              Tmut/Pois      0%         N/A       98%         3
 Tukima's Dance           Hex            0%         N/A       98%         3
 Airstrike                Air            0%         2d(0-16)  100%        4
 Ice Form                 Ice/Tmut       0%         N/A       100%        4
 Leda's Liquefaction      Hex/Erth       0%         N/A       100%        4
 Olgreb's Toxic Radiance  Pois           0%         N/A       100%        4
 Summon Ice Beast         Ice/Summ       0%         N/A       100%        4
 Summon Lightning Spire   Summ/Air       0%         N/A       100%        4
 Arcjolt                  Conj/Air       0%         1d10      100%        5
 Blade Hands              Tmut           0%         N/A       100%        5
 Lightning Bolt           Conj/Air       0%         1d11      100%        5
 Summon Forest            Summ/Tloc      1%         N/A       100%        5
 Summon Mana Viper        Hex/Summ       0%         N/A       100%        5
 Dispersal                Tloc           2%         N/A       100%        6
 Simulacrum               Ice/Necr       0%         N/A       100%        6
 Monstrous Menagerie      Summ           0%         N/A       100%        7
 Summon Hydra             Summ           0%         N/A       100%        7
 Borgnjor's Revivificati  Necr           0%         N/A       100%        8
 Maxwell's Capacitive Co  Air            0%         ∞         100%        8
 Blink                    Tloc           Unusable   N/A       N/A         2
 Swiftness                Air            Unusable   N/A       N/A         3

Dungeon Overview and Level Annotations

Branches:
Dungeon (13/15)            Temple (1/1) D:7            Lair (5/5) D:8
  Swamp (0/4) Lair:3        Snake (0/4) Lair:3        Slime (0/5) Lair:5
    Orc (0/2) D:12
 Vaults: D:13-14

Altars:
Ashenzari
Cheibriados
Dithmenos
Fedhas
Gozag
Hepliaklqana
Kikubaaqudgha
Makhleb
Nemelex Xobeh
Okawaru
Qazlal
Ru
Sif Muna
Vehumet
Wu Jian
Xom
Yredelemnul
Jiyva

Shops:
D:1 [(!   D:3 ?   D:8 (   D:10 :   D:13 (

Annotations:
D:7 2 transporters, archydragon's ghost, novice MiGl


Innate Abilities, Weirdness & Mutations

Your life essence is reduced to manifest your ancestor. (-10% HP)
You cannot be hasted, slowed, berserked, paralysed or teleported.
You can dig through walls and to a lower floor.
You have a pair of large antennae on your head. (SInv)
Your four strong arms can wield two-handed weapons with a shield.
You are dopey. (Int -2)
Your muscles are strong. (Str +4, Int/Dex -1)
You expend magic power (3 MP) to strengthen your wands.


Message History

Xolani hits the frost giant with a +0 broad axe of flaming!!
Xolani burns the frost giant!
You shoot a sling bullet. Xolani avoids your attack.
The sling bullet hits the frost giant but does no damage.
The frost giant is heavily wounded.
Xolani blocks the frost giant's attack.
You shoot a sling bullet. Xolani avoids your attack.
The sling bullet hits the frost giant!
The frost giant is heavily wounded.
Xolani hits the frost giant with a +0 broad axe of flaming!!
Xolani burns the frost giant!
The frost giant hits Xolani with the +8 frozen axe "Frostbite" {freeze, freezing cloud, *Noise Fly rC+}!!!
The frost giant freezes Xolani.
Xolani is destroyed!
The frost giant shouts!
You shoot a sling bullet.
The sling bullet hits the frost giant but does no damage.
The frost giant is almost dead.
You shoot a sling bullet.
The sling bullet hits the frost giant but does no damage.
The frost giant is almost dead.
You shoot a sling bullet. The sling bullet hits the frost giant.
The frost giant is almost dead.
The frost giant casts a spell at you. The bolt of cold hits you!!
You shoot a sling bullet. The sling bullet hits the frost giant!
The frost giant is almost dead.
You shoot a sling bullet. The sling bullet hits the frost giant.
The frost giant is almost dead.
The frost giant hits you with the +8 frozen axe "Frostbite" {freeze, freezing cloud, *Noise Fly rC+}!!!
* * * LOW HITPOINT WARNING * * *
The frost giant freezes you!
* * * LOW HITPOINT WARNING * * *
Aiming: Mindburst
Press: ? - help, Q - select action, (/) - cycle Shift-Dir - straight line, f/p - frost giant
Aim: a frost giant, wielding the +8 frozen axe "Frostbite" {freeze, freezing cloud, *Noise Fly rC+} (almost dead, chance to affect: 40%)
You feel a surge of power!
The frost giant's mind is blasted!!
You blow up the frost giant!
You are engulfed in freezing vapours.
You die...

###....##
*************############.......#
,,,,,,,,,,,,,.............###....
**********,,,.............#⌠#....
#..,#######.####.###..## #...*
#.# #.....##
#...#######.######..####
*********#............)[.........
,,,,,,,,,......)@...>.)..........
*********..##.###.#..####........
*,,*#.#≈#.#..# #..######
*,,*#.###...## #..# *,,*#.....###
#..# *,,*####### #..## *,,* #...#
*,,* ###.## *,.############
##...##


There were no monsters in sight!

Vanquished Creatures
  A frost giant (D:13)
  A hydra (Lair:5)
  Erica (D:8)
  2 boulder beetles
  4 centaur warriors
  A two-headed ogre (D:10)
  A tengu warrior (D:13)
  Urug (D:13)
  Amaemon (Lair:3)
  Pikel (D:8)
  A wolf spider zombie (D:12)
  4 manticores
  2 centaur zombies (D:12)
  A salamander (Lair:3)
  2 elephants (Lair:4)
  Joseph (D:7)
  4 black mambas
  A gargoyle (D:10)
  An orange demon (Lair:3)
  10 cane toads
  An unseen horror (D:12)
  5 rime drakes
  An efreet (D:13)
  2 kobold demonologists (D:12)
  3 komodo dragons
  3 meliai (D:13)
  2 trolls (D:12)
  3 polar bears
  A tyrant leech (Lair:3)
  5 hornets
  8 blink frogs
  A meliai zombie (D:12)
  3 dream sheep (Lair:5)
  2 slime creatures (D:13)
  10 spriggans (Lair:5)
  15 yaks
  3 shadows (D:12)
  3 wraiths (D:12)
  A wyvern (D:8)
  3 basilisks
  A steam dragon (D:8)
  A vampire mosquito (D:12)
  2 wargs (D:8)
  A swamp worm (Lair:3)
  2 acid dragons
  6 water moccasins
  3 ice beasts
  2 black bears
  6 orc warriors
  3 boggarts (Lair:5)
  8 centaurs
  25 wolves
  2 lemures (D:8)
  4 kobold brigands
  4 bullfrogs
  A necrophage (D:7)
  2 scorpions
  11 wights
  10 killer bees
  2 howler monkeys
  2 lava snakes (Lair:3)
  3 jellies (D:8)
  9 orc priests
  A gnoll bouda (D:6)
  2 iguanas
  16 orc wizards
  A statue (D:5)
  9 gnolls
  3 adders
  A white imp (D:7)
  An ufetubus (D:5)
  2 worms (D:2)
  A dart slug (D:2)
  52 orcs
  15 endoplasms
  2 giant cockroaches (D:1)
  10 goblins
  7 hobgoblins
  3 jackals (D:4)
  18 kobolds
  2 quokkas
  2 ball pythons
  5 bats
  4 frilled lizards
  6 rats
389 creatures vanquished.

Vanquished Creatures (collateral kills)
  2 hydras
  A catoblepas (Lair:2)
  A skeletal warrior (D:12)
  A deep elf pyromancer (D:12)
  An ugly thing (D:12)
  2 elephants (Lair:4)
  3 cyclopes
  A black mamba (Lair:4)
  2 centaur zombies (D:12)
  3 cane toads (Lair:1)
  4 rime drakes
  A freezing wraith (D:12)
  A komodo dragon (Lair:2)
  A kobold demonologist (D:12)
  A polar bear (Lair:5)
  A hornet (Lair:5)
  2 trolls
  6 blink frogs
  A meliai zombie (D:12)
  A slime creature (D:8)
  2 vampires (D:12)
  3 spriggans (Lair:5)
  A shadow (D:12)
  A wraith (D:11)
  3 wyverns
  6 yaks
  A vampire mosquito (D:12)
  5 water moccasins
  2 orc warriors (D:8)
  A black bear (Lair:5)
  11 wolves
  2 centaurs
  3 bullfrogs
  2 wights (D:9)
  3 killer bees
  3 jellies (D:8)
  A gnoll bouda (D:9)
  5 orc wizards
  11 orcs
  4 endoplasms (D:8)
  A goblin (D:10)
  A kobold (D:12)
108 creatures vanquished.

Vanquished Creatures (others)
  7 knights
  An orc wizard (D:8)
  5 ancestors
  30 fungi
  14 plants
  4 toadstools (D:1)
61 creatures vanquished.

Grand Total: 558 creatures vanquished

Notes
Turn   | Place    | Note
-------+----------+-------------------------------------------
     0 | D:1      | Twiddyhohoho the Formicid Hunter began the quest for the
                  | Orb.
     0 | D:1      | Reached XP level 1. HP: 16/16 MP: 1/1
   142 | D:1      | Reached XP level 2. HP: 22/22 MP: 2/2
   553 | D:1      | Found Zogga's Antique Armour Shoppe.
   675 | D:1      | Found Meitem's Distillery.
   705 | D:1      | Bought a potion of heal wounds for 55 gold pieces
   707 | D:1      | Found Lioney's Antique Weapon Boutique.
   725 | D:1      | Reached skill level 5 in Ranged Weapons
   725 | D:1      | Reached XP level 3. HP: 20/27 MP: 3/3
   861 | D:1      | Bought a potion of degeneration for 11 gold pieces
  1267 | D:2      | Reached XP level 4. HP: 33/33 MP: 4/4
  1398 | D:1      | Bought a potion of lignification for 33 gold pieces
  1548 | D:1      | Bought a potion of curing for 33 gold pieces
  1647 | D:3      | Found a snail-covered altar of Cheibriados.
  1843 | D:3      | Found a blossoming altar of Fedhas.
  1909 | D:3      | Reached XP level 5. HP: 38/38 MP: 5/5
  1918 | D:3      | Found The Oracle's Delphic Readings.
  2041 | D:3      | Reached skill level 6 in Ranged Weapons
  2405 | D:4      | Reached XP level 6. HP: 44/44 MP: 6/6
  2406 | D:4      | Found an ornate altar of the Wu Jian Council.
  2470 | D:4      | Reached skill level 7 in Ranged Weapons
  2696 | D:5      | Entered Level 5 of the Dungeon
  2845 | D:5      | Noticed an ice beast
  2862 | D:5      | Killed an ice beast
  2934 | D:5      | Found a radiant altar of Vehumet.
  2943 | D:5      | Reached XP level 7. HP: 46/50 MP: 7/7
  2954 | D:5      | Reached skill level 8 in Ranged Weapons
  3317 | D:5      | You fall into a shaft and drop 2 floors!
  3323 | D:7      | Found a staircase to the Ecumenical Temple.
  3335 | Temple   | Entered the Ecumenical Temple
  3345 | Temple   | Became a worshipper of Hepliaklqana the Forgotten
  3398 | D:7      | Found a broken altar of Ashenzari.
  3431 | D:6      | Reached XP level 8. HP: 58/58 MP: 8/8
  4128 | D:6      | Gained mutation: Your muscles are strong. (Str +4, Int/Dex
                  | -1) [potion of mutation]
  4128 | D:6      | Gained mutation: You expend magic power (3 MP) to
                  | strengthen your wands. [potion of mutation]
  4128 | D:6      | Gained mutation: You are dopey. (Int -2) [potion of
                  | mutation]
  4316 | D:5      | Found a basalt altar of Yredelemnul.
  4530 | D:6      | Reached skill level 9 in Ranged Weapons
  4818 | D:6      | Reached skill level 5 in Fighting
  5031 | D:1      | Bought a runed cloak for 217 gold pieces
  5427 | D:6      | Reached XP level 9. HP: 61/68 MP: 9/9
  5895 | D:6      | Reached skill level 10 in Ranged Weapons
  5985 | D:7      | Found a transporter.
  5995 | D:7      | Noticed archydragon's ghost (novice MiGl)
  6005 | D:7      | Found a transporter.
  6066 | D:7      | Found an opulent altar of Gozag.
  6083 | D:7      | Got the Precepts of Hexes
  6190 | D:7      | Found a runed translucent door.
  6246 | D:7      | Reached * piety under Hepliaklqana
  6589 | D:7      | Noticed Joseph
  6602 | D:7      | Killed Joseph
  6603 | D:7      | Reached skill level 1 in Armour
  6984 | D:7      | Reached XP level 10. HP: 63/69 MP: 10/10
  7253 | D:3      | Bought a scroll of fog for 52 gold pieces
  7253 | D:3      | Bought a scroll of poison for 52 gold pieces
  7380 | D:8      | Reached skill level 11 in Ranged Weapons
  7659 | D:8      | Noticed Pikel
  7681 | D:8      | Killed Pikel
  7998 | D:8      | Reached skill level 12 in Ranged Weapons
  8059 | D:8      | Reached skill level 5 in Armour
  8103 | D:8      | Found a staircase to the Lair.
  8129 | D:8      | Reached skill level 5 in Dodging
  8155 | D:8      | Reached ** piety under Hepliaklqana
  8156 | D:8      | Remembered your ancestor Xolani as a knight
  8219 | D:8      | Found Deatucaom's Antique Weapon Boutique.
  8368 | D:8      | Noticed Erica
  8376 | D:8      | Killed Erica
  8377 | D:8      | Reached XP level 11. HP: 78/78 MP: 11/11
  8537 | D:9      | Reached skill level 1 in Shields
  8551 | D:9      | Noticed a centaur warrior
  8581 | D:9      | Killed a centaur warrior
  9234 | D:9      | Reached skill level 13 in Ranged Weapons
  9336 | D:10     | Entered Level 10 of the Dungeon
  9618 | D:10     | Reached *** piety under Hepliaklqana
  9699 | D:10     | Found Sydgheang's Tremendous Tomes.
  9724 | D:10     | Noticed a centaur warrior
  9735 | D:10     | Killed a centaur warrior
  9736 | D:10     | Reached skill level 1 in Invocations
  9736 | D:10     | Reached skill level 1 in Evocations
  9895 | D:10     | Noticed a two-headed ogre
  9906 | D:10     | Killed a two-headed ogre
  9942 | D:10     | Found an iron altar of Okawaru.
 10245 | D:10     | Identified a scroll of acquirement
 10246 | D:10     | Acquired a +1 cloak of willpower
 10310 | Lair:1   | Entered Level 1 of the Lair of Beasts
 10393 | Lair:1   | Reached XP level 12. HP: 86/86 MP: 13/13
 10402 | Lair:1   | Reached skill level 5 in Shields
 10736 | Lair:1   | Reached skill level 14 in Ranged Weapons
 10984 | Lair:2   | Reached **** piety under Hepliaklqana
 11060 | Lair:2   | Reached skill level 10 in Fighting
 11399 | Lair:2   | Noticed a catoblepas
 11413 | Lair:2   | Killed a catoblepas
 11414 | Lair:2   | Reached skill level 5 in Invocations
 11732 | Lair:3   | Noticed a seven-headed hydra
 11738 | Lair:3   | Killed a seven-headed hydra
 11789 | Lair:3   | Found a staircase to the Swamp.
 12252 | D:1      | Bought a translucent scale mail for 261 gold pieces
 12252 | D:1      | Identified the +0 scale mail of Marbles {rPois Slay+3} (You
                  | bought it in a shop on level 1 of the Dungeon)
 12595 | Lair:3   | Noticed Amaemon
 12602 | Lair:3   | Reached XP level 13. HP: 69/93 MP: 16/18
 12605 | Lair:3   | Killed Amaemon
 12797 | Lair:3   | Found a staircase to the Snake Pit.
 13027 | Lair:4   | Reached ***** piety under Hepliaklqana
 13301 | Lair:4   | Noticed a six-headed hydra
 13310 | Lair:4   | Killed a six-headed hydra
 13805 | Lair:5   | Entered Level 5 of the Lair of Beasts
 14149 | Lair:5   | Noticed a seven-headed hydra
 14164 | Lair:5   | Killed a seven-headed hydra
 14174 | Lair:5   | Reached skill level 10 in Invocations
 14174 | Lair:5   | Reached XP level 14. HP: 90/101 MP: 21/21
 14407 | Lair:5   | Reached skill level 10 in Armour
 15064 | Lair:5   | Found a viscous altar of Jiyva.
 15064 | Lair:5   | Found a staircase to the Slime Pits.
 16352 | D:3      | Bought a book of Weapons for 364 gold pieces
 16356 | D:3      | Learned a level 3 spell: Portal Projectile
 16607 | D:12     | Reached skill level 1 in Translocations
 16897 | D:12     | Found a staircase to the Orcish Mines.
 16898 | D:12     | Identified the ring "Ytwy" {rF- rCorr Str+7 Int+6}
 16903 | D:12     | Identified the +0 chain mail of Limited Liability {*Slow
                  | rElec rF+ Slay+4}
 16963 | D:12     | Got the Omnibus of Ghoulish Displacement
 17416 | D:13     | Reached XP level 15. HP: 63/108 MP: 23/23
 17490 | D:13     | Noticed a frost giant
 17669 | D:13     | Noticed Urug
 17677 | D:13     | Killed Urug
 17700 | D:13     | Found Voseget's Antique Weapon Boutique.
 17758 | D:13     | Found a gate leading to a gauntlet.
 17824 | D:13     | Killed a frost giant
 17824 | D:13     | Engulfed by a cloud of freezing vapour

Illustrated notes

Levels and vault maps discovered:
D:1:      ldierk_walled_garden_2, layout_loops_corners, serial_shops,
          nicolae_shop_trees, nicolae_shop_hallway_stairs, nicolae_shop_crystal
D:2:      layout_basic
D:3:      layout_basic, mainiacjoe_overflow_concentric_impassable,
          fedhas_altar_2, nicolae_nh_oracle_at_delphi
D:4:      layout_rooms, nicolae_overflow_hidden_temple
D:5:      layout_basic, mainiacjoe_overflow_paths, vehumet_statue
D:6:      layout_rooms, st_stairs_9, small_statue_intersection
D:7:      layout_gridville, ashenzari_altar_1, mainiacjoe_overflow_tiny_flanked,
          minmay_temple_entry_crystal_x, gammafunk_ghost_arena, enter_bailey_3,
          lightli_church_of_beogh, uniq_joseph
D:8:      lemuel_slime, layout_gridville, erik_lair_orcish_takeover,
          serial_shops, nicolae_shop_stone, uniq_erica, uniq_pikel
D:9:      layout_basic, minmay_door_square, chequers_serial_rivers_micro_e,
          kennysheep_generic_room_11
D:10:     layout_loops_corners, okawaru_altar_gauntlet_db,
          nicolae_shop_i_like_big_books, kennysheep_generic_room_4
D:11:     layout_cave_pods
D:12:     minmay_open_boxes_in_corner, layout_cross, orc_0_dummy, serial_undead,
          serial_undead_b, serial_undead_a, serial_undead_a, serial_undead_f
D:13:     minmay_coctagon, layout_long_grid, gauntlet_entry_generic,
          serial_shops, kennysheep_little_box, serial_glass, glass_columns_c,
          glass_columns_a, feat_on_display, feat_on_display,
          minmay_strange_pillars, nicolae_yredelemnul_corpse_copse, uniq_urug
Temple:   eino_temple_lava
Lair:1:   layout_roguey, guppyfry_lair_drakes
Lair:2:   layout_regular_city, serial_bayou_shore_b, infiniplex_staircase_pool
Lair:3:   layout_long_grid, minmay_swamp_entry_worms,
          nicolae_snake_entry_warm_welcome, uniq_amaemon
Lair:4:   layout_gridlike, minmay_lair_drake_nest
Lair:5:   minmay_lair_end_enchanted_forest, layout_loops_ring,
          dpeg_slime_entry_corner, grunt_megastairs_4

Skill      XL: |  1  2  3  4  5  6  7  8  9 10 11 12 13 14 15 |
---------------+----------------------------------------------+-----
Ranged Weapons | 5 6 7 8 9 10 12 13 14 | 14.4
Dodging        | 2 4 5 6 7 8 |  8.1
Fighting       | 3 5 6 8 9 10 11 12 | 12.1
Armour         | 2 5 6 9 11 | 11.5
Shields        | 4 6 7 |  7.3
Invocations    | 2 6 10 11 12 | 12.0
Evocations     | 2 4 |  4.7
Translocations | 2 3 |  3.2
Stealth        | |  1.2

Action                   |  1- 3 |  4- 6 |  7- 9 | 10-12 | 13-15 || total
-------------------------+-------+-------+-------+-------+-------++-------
 Fire: Shortbow          |    62 |   128 |   311 |       |     8 ||   509
       Sling             |       |       |    68 |   585 |   797 ||  1450
Invok: Ancestor Life: Kn |       |       |       |     1 |       ||     1
       Idealise          |       |       |       |       |     3 ||     3
Evoke: Wand              |       |     4 |     9 |       |     2 ||    15
  Use: Potion            |       |     2 |     2 |       |       ||     4
       Scroll            |       |       |    10 |     7 |    13 ||    30
Armor: Leather armour    |     1 |    20 |    39 |     7 |       ||    67
       Skin              |       |     5 |       |       |       ||     5
       Scale mail        |       |       |       |    18 |   101 ||   119
Dodge: Dodged            |     3 |    34 |   100 |    43 |   194 ||   374
Block: Buckler           |       |       |       |    18 |    98 ||   116

Table legend: (Time is in decaauts)
 A = Elapsed time spent in this place.
 B = Non-inter-level travel time spent in this place.
 C = Inter-level travel time spent in this place.
 D = Time resting spent in this place.
 E = Time spent auto-exploring this place.
 F = Levels seen in this place.
 G = Mean time per level.
                   A        B        C        D        E       F      G
               +--------+--------+--------+--------+--------+-----+--------+
         Total |  17740 |  15760 |   1980 |   2272 |   9110 |  19 |  933.7 |
       Dungeon |  13138 |  11529 |   1609 |   1935 |   6539 |  13 | 1010.6 |
        Temple |     18 |     18 |      0 |      0 |      0 |   1 |   18.0 |
          Lair |   4583 |   4212 |    371 |    337 |   2570 |   5 |  916.6 |
               +--------+--------+--------+--------+--------+-----+--------+

Top non-repeatable levels by time:
     D:6: 2034 daAuts
     D:7: 1748 daAuts
  Lair:5: 1419 daAuts
     D:8: 1206 daAuts
    D:10: 1040 daAuts
     D:1: 1009 daAuts
     D:5: 982 daAuts
     D:3: 980 daAuts
  Lair:4: 975 daAuts
     D:9: 944 daAuts
    D:12: 900 daAuts
  Lair:2: 786 daAuts
    D:11: 783 daAuts
  Lair:3: 717 daAuts
  Lair:1: 685 daAuts
